Map: Data-C

Players

patsie - Winner!

  • Race: Terran Terran
  • Spawn Location: 3:00

Mooncakes

  • Race: Zerg Zerg
  • Spawn Location: 9:00

VOD

Have the link to the VOD?

Description

Time

  • Played on: Aug. 18, 2022, 10:09 p.m.
  • Length: 17:27
Show
View Real Time Build Order
Export as new Build Order

patsie Terran - Winner!

Build Orders: Reaper Expand, Hellion Banshee 

Get SALT Encoding   

  12  0:00  SCV  
  13  0:12  SCV  
  14  0:17  Supply Depot  
  14  0:24  SCV  
  15  0:39  SCV  
  15  0:40  Barracks  
  16  0:45  Refinery  
  16  0:51  SCV  
  17  1:03  SCV  
  18  1:15  SCV  
  19  1:29  Orbital Command  
  19  1:30  Reaper  
  20  1:43  Command Center  
  20  1:53  Supply Depot  
  20  1:55  SCV  
  21  2:04  Barracks Reactor  
  21  2:07  SCV  
  22  2:19  SCV  
  22  2:22  Factory  
  23  2:27  Refinery  
  23  2:31  SCV  
  24  2:44  Marine x2  
  24  2:47  SCV  
  27  2:55  SCV  
  27  3:08  Orbital Command, Starport  
  27  3:09  SCV  
  28  3:13  Barracks Tech Lab  
  30  3:20  Hellion x2  
  30  3:21  SCV  
  33  3:29  Bunker  
  33  3:33  SCV  
  34  3:35  SCV  
  34  3:40  Barracks Tech Lab  
  34  3:45  SCV  
  34  3:47  Hellion x2  
  38  4:01  Stimpack, Marine  
  39  4:03  SCV x2  
  39  4:06  Banshee, Cloaking Field  
  44  4:15  Hellion  
  46  4:21  Supply Depot  
  46  4:38  Supply Depot  
  46  4:41  Command Center  
  46  4:43  Hellion, Marine  
  49  4:54  SCV  
  49  4:55  SCV  
  51  5:00  Banshee, Marine  
  51  5:06  SCV, Engineering Bay  
  57  5:07  SCV, Refinery, Engineering Bay  
  57  5:08  Refinery  
  57  5:12  Barracks  
  57  5:17  Barracks  
  57  5:50  SCV x2  
  57  5:53  Starport Reactor  
  59  6:02  SCV  
  59  6:06  Siege Tank  
  59  6:08  Barracks Reactor  
  61  6:23  Marine x2  
  61  6:24  Marauder  
  64  6:29  SCV x2  
  66  6:41  Marine x2  
  68  6:49  Orbital Command, Supply Depot  
  68  6:50  Siege Tank, Marauder  
  68  6:51  SCV x2  
  68  6:52  Terran Infantry Armor Level 1, Supply Depot, Terran Infantry Weapons Level 1  
  75  7:02  Marine x2  
  77  7:11  Marine x3, SCV x2  
  82  7:15  Combat Shield  
  82  7:18  Medivac  
  82  7:19  Barracks  
  82  7:20  Marine x2, Medivac  
  82  7:21  Barracks  
  82  7:22  Siege Tank  
  91  7:23  SCV  
  92  7:33  Orbital Command  
  92  7:40  Supply Depot  
  92  7:41  Supply Depot  
  92  7:43  Armory  
  92  7:44  Supply Depot  
  92  7:47  Supply Depot  
  92  7:56  Marine  
  93  8:01  Marine x2, Medivac x2  
  93  8:02  Marauder  
  101  8:09  Barracks Reactor, Barracks Tech Lab, Marine  
  102  8:14  Marine  
  102  8:16  Siege Tank  
  106  8:20  SCV x2  
  106  8:21  SCV  
  106  8:23  Marauder  
  111  8:32  SCV  
  111  8:33  SCV x2  
  114  8:35  Missile Turret  
  114  8:37  Missile Turret x2  
  114  8:44  SCV  
  114  8:45  SCV, Marauder  
  115  9:06  Marauder  
  117  9:10  SCV x2  
  117  9:11  SCV  
  117  9:16  Supply Depot  
  120  9:18  Supply Depot  
  120  9:19  Refinery x2, Supply Depot  
  120  9:20  Terran Infantry Weapons Level 2, Terran Infantry Armor Level 2  
  120  9:22  Siege Tank, SCV  
  120  9:23  SCV  
  125  9:26  Marine x2, Marauder, Factory  
  125  9:27  Marine  
  125  9:28  Barracks  
  125  9:29  SCV, Marauder  
  117  9:34  SCV  
  104  9:39  Marine x3  
  105  9:48  Marauder  
  105  9:52  Marine x3, Marauder  
  105  9:55  Siege Tank  
  105  9:56  Marine  
  105  9:57  Marine x2  
  101  10:09  Marauder  
  101  10:10  Marine x3  
  107  10:14  Marauder  
  107  10:18  SCV  
  107  10:19  SCV x2  
  110  10:25  Sensor Tower  
  110  10:27  Factory Tech Lab  
  110  10:29  Barracks Tech Lab  
  110  10:30  Marine x4, SCV  
  110  10:31  Marine x2, SCV x2, Marauder  
  123  10:35  Marauder  
  123  10:37  Supply Depot  
  123  10:40  Supply Depot  
  123  10:43  Terran Vehicle Weapons Level 1  
  123  10:45  Siege Tank  
  123  10:48  Marine x3  
  129  10:52  SCV x3, Marauder  
  129  10:57  Marauder  
  135  11:06  Siege Tank  
  135  11:07  Marine x5  
  135  11:08  Marine, Marauder  
  124  11:13  Marauder  
  124  11:17  Siege Tank  
  124  11:18  Marauder  
  116  11:25  Marine x5  
  116  11:29  Marauder  
  116  11:32  Marine  
  116  11:35  Marauder  
  116  11:39  Marauder  
  120  11:40  SCV  
  120  11:41  SCV x2  
  120  11:42  Marine  
  120  11:43  Marine x4  
  128  11:49  Marine  
  128  11:50  Marauder  
  128  11:52  Command Center  
  128  11:53  SCV x2  
  133  11:56  Marauder  
  133  11:58  Siege Tank x2  
  133  12:00  Marine x2  
  133  12:01  Marine x3, Marauder  
  147  12:05  Medivac x2  
  147  12:07  SCV  
  147  12:08  SCV x2  
  155  12:12  Marauder  
  155  12:13  Marine  
  158  12:23  Supply Depot  
  158  12:24  Supply Depot  
  158  12:26  Supply Depot  
  158  12:39  Marine  
  157  12:44  Marine  
  157  12:45  Siege Tank, Marauder x2  
  157  12:46  Siege Tank, Marine x4  
  157  12:47  Medivac x2  
  157  12:48  Marauder  
  178  12:57  Marine  
  170  13:02  Marine  
  170  13:03  Marine x4  
  172  13:06  Marauder x2  
  172  13:09  Marauder  
  174  13:17  Siege Tank, Medivac x2  
  174  13:18  Siege Tank  
  184  13:26  Marine x3  
  184  13:27  Marine  
  187  13:28  Marauder x2  
  187  13:31  Marauder  
  194  13:44  Sensor Tower  
  194  13:47  Medivac  
  196  13:55  Barracks  
  196  13:56  Barracks  
  196  13:57  Ghost Academy, Barracks  
  196  14:08  Marauder  
  196  14:09  Marauder  
  195  14:10  Siege Tank  
  195  14:11  Marauder  
  195  14:13  Siege Tank  
  195  14:27  Marine  
  196  14:36  Marine  
  196  14:37  Marine x4  
  196  14:38  Marauder x2  
  196  14:40  Marauder  
  196  14:41  Medivac  
  196  14:43  Siege Tank  
  196  14:45  Marine  
  189  14:54  Marine x3  
  189  14:55  Marine x2  
  189  14:59  Marauder  
  196  15:00  Planetary Fortress  
  196  15:05  Marine  
  196  15:14  Refinery  
  196  15:16  Refinery, Missile Turret  
  196  15:21  Supply Depot  
  196  15:22  Personal Cloaking, Barracks Tech Lab x3  
  196  15:43  Siege Tank, SCV  
  200  15:57  SCV  
  200  15:58  Starport x2  
  200  16:03  Missile Turret  
  200  16:08  Missile Turret  
  200  16:09  Missile Turret x2  
  200  16:10  Missile Turret  
  200  16:13  Missile Turret  
  200  16:23  Command Center  
  200  16:36  Marine  
  200  16:37  Marine  
  200  16:38  Marine  
  200  16:39  Marine x3  
  200  16:41  Marauder  
  200  16:42  Marauder  
  200  16:44  Siege Tank, Marauder  
  200  16:46  SCV x4  
  179  16:54  Marine  
  179  16:55  Marine  
  179  16:56  Marine  
  179  16:57  Marine x3  
  179  16:58  SCV x2  
  187  17:02  Marauder  
  187  17:03  Marauder  
  187  17:05  Marine x3, Marauder  
Show
View Real Time Build Order
Export as new Build Order

Mooncakes Zerg 

Build Orders: Hatch First 

Get SALT Encoding   

  12  0:02  Drone  
  13  0:09  Drone  
  14  0:17  Overlord  
  14  0:35  Drone x2  
  16  0:49  Hatchery  
  15  0:52  Drone  
  15  0:55  Drone  
  17  1:00  Drone  
  18  1:10  Extractor  
  17  1:16  Spawning Pool  
  16  1:20  Drone  
  16  1:23  Drone  
  18  1:30  Drone  
  19  1:40  Overlord  
  19  2:02  Queen  
  19  2:03  Queen  
  19  2:04  Zergling x6  
  26  2:16  Metabolic Boost  
  26  2:18  Drone x2  
  28  2:24  Drone x2  
  30  2:39  Drone x2  
  32  2:46  Queen  
  32  2:47  Queen  
  36  3:12  Overlord  
  36  3:13  Overlord  
  36  3:23  Lair  
  36  3:39  Drone  
  36  3:40  Drone x7  
  41  4:04  Roach Warren  
  41  4:05  Baneling Nest, Drone x3  
  42  4:16  Zergling x10  
  42  4:17  Zergling x2  
  48  4:19  Hatchery  
  47  4:44  Queen x2  
  51  4:51  Overlord x3  
  50  5:06  Glial Reconstitution  
  50  5:11  Zergling x4  
  50  5:12  Zergling x4, Extractor  
  50  5:13  Extractor  
  52  5:15  Extractor  
  52  5:16  Roach  
  52  5:17  Roach x4  
  61  5:34  Drone x2  
  61  5:38  Spore Crawler, Overseer  
  57  5:47  Drone x2  
  57  5:48  Drone x7  
  59  6:08  Roach  
  59  6:09  Roach x3  
  67  6:13  Drone  
  67  6:14  Drone x6  
  70  6:21  Spore Crawler  
  69  6:28  Extractor  
  69  6:30  Extractor  
  66  6:32  Drone  
  66  6:34  Drone x6  
  66  6:35  Drone x3  
  75  6:41  Drone x2  
  75  6:43  Overlord  
  75  6:51  Centrifugal Hooks  
  75  7:06  Roach  
  75  7:07  Overlord, Roach x2  
  75  7:08  Overlord x3  
  81  7:12  Drone  
  81  7:13  Infestation Pit  
  81  7:15  Overlord x2  
  81  7:20  Drone  
  82  7:33  Roach  
  82  7:34  Roach x9  
  102  7:46  Pneumatized Carapace  
  102  7:48  Hatchery, Overseer  
  101  7:59  Drone x6  
  101  8:00  Drone  
  108  8:22  Hydralisk Den  
  108  8:24  Spore Crawler  
  108  8:25  Ravager x7  
  108  8:26  Overlord  
  108  8:27  Overlord x3  
  113  8:28  Zergling x6  
  113  8:29  Zergling x4  
  118  8:40  Overseer  
  118  8:59  Roach  
  118  9:00  Zergling x24  
  133  9:02  Drone  
  133  9:03  Drone x8  
  133  9:08  Evolution Chamber  
  133  9:09  Evolution Chamber  
  139  9:10  Hive  
  139  9:15  Roach  
  120  9:32  Roach  
  120  9:34  Zergling x8  
  120  9:35  Zergling x18  
  131  9:40  Zergling x2  
  131  9:41  Zergling x4  
  99  10:11  Roach x14  
  99  10:12  Roach  
  119  10:19  Baneling x2  
  119  10:20  Baneling x11  
  119  10:24  Drone x2  
  119  10:26  Roach x3  
  119  10:27  Roach x6  
  139  10:29  Ravager  
  139  10:30  Ravager  
  139  10:35  Adrenal Glands  
  141  10:37  Burrow  
  141  10:47  Drone x3  
  141  10:48  Drone x3  
  147  10:50  Evolution Chamber  
  147  10:51  Extractor  
  147  10:52  Extractor  
  147  10:53  Drone x3  
  147  10:54  Drone x3  
  147  10:55  Drone x5  
  124  11:13  Roach x11  
  124  11:17  Zergling x8  
  130  11:35  Zergling x2  
  129  11:49  Roach x7  
  129  11:50  Roach x3  
  129  11:51  Zergling x2  
  129  11:52  Zergling x20  
  160  11:55  Hatchery, Baneling  
  160  11:56  Baneling x7  
  156  12:28  Baneling x3  
  156  12:29  Roach  
  158  12:30  Overlord x4  
  147  12:50  Zergling x18  
  147  12:51  Zergling x6  
  152  13:03  Zergling x2  
  152  13:04  Zergling x22  
  156  13:10  Roach  
  147  13:14  Zerg Ground Armor Level 1, Ultralisk Cavern, Zerg Missile Weapons Level 1  
  147  13:18  Drone x2  
  147  13:19  Drone x3  
  151  13:21  Tunneling Claws  
  151  13:25  Baneling x7  
  151  13:26  Baneling x30  
  151  13:27  Baneling x4  
  151  13:28  Roach x4  
  159  13:34  Spire  
  158  13:52  Ravager x11  
  158  13:55  Roach x12  
  193  13:56  Roach  
  190  14:16  Roach  
  192  14:17  Roach x4  
  192  14:19  Overlord x2  
  192  14:20  Overlord x3  
  198  14:25  Overseer  
  198  14:26  Overlord x3  
  149  14:44  Zergling x18  
  149  14:45  Zergling x12  
  117  14:56  Queen x2  
  117  14:57  Queen x3  
  119  15:08  Mutalisk, Roach  
  119  15:09  Mutalisk x8  
  119  15:13  Drone  
  139  15:19  Mutalisk  
  139  15:20  Mutalisk x3  
  147  15:25  Overseer x2  
  147  15:33  Extractor  
  147  15:34  Extractor  
  145  15:35  Drone x2  
  145  15:36  Drone x3  
  145  15:37  Drone x6  
  156  15:44  Roach  
  156  15:45  Roach x6  
  160  15:59  Mutalisk x7  
  173  16:07  Spine Crawler x2  
  173  16:10  Baneling  
  173  16:11  Baneling x11  
  171  16:12  Zergling x2  
  171  16:13  Zergling x30  
  171  16:17  Hatchery  
  186  16:23  Zergling x2  
  186  16:24  Zergling x16  
  181  16:47  Roach x3  
  181  16:48  Roach x8  
  193  16:57  Baneling x11  
  193  16:58  Baneling x6  
  184  17:01  Zergling x2  
  184  17:02  Zergling x10  
Tags
 
Add a new tag
Caveats
  • Supply blocks, unpowered buildings, or Contaminate may cause inaccurate times.
  • Supply counts are checked every 10 seconds.